Map: Kairos Junction LE

Players

Samwise - Winner!

  • Race: Protoss Protoss
  • League: Platinum
  • Spawn Location: 11:00

A.I. 1 (Elite)

  • Race: Zerg Zerg
  • Spawn Location: 5:00

VOD

Have the link to the VOD?

Description

Time

  • Played on: Sept. 2, 2019, 9:01 a.m.
  • Length: 4:59
Show
View Real Time Build Order
Export as new Build Order

Samwise Protoss - Winner!

Build Orders:  

Get SALT Encoding   

  12  0:01  Probe  
  13  0:13  Probe  
  14  0:20  Pylon  
  14  0:25  Probe  
  15  0:35  Probe  
  15  0:36  Pylon  
  16  0:43  Probe  
  17  0:56  Gateway  
  17  1:03  Gateway  
  17  1:12  Gateway  
  17  1:19  Assimilator  
  17  1:22  Probe  
  18  1:34  Probe  
  19  1:41  Zealot  
  19  1:43  Zealot  
  19  1:46  Cybernetics Core  
  23  2:01  Zealot  
  25  2:10  Zealot  
  27  2:17  Zealot  
  27  2:19  Pylon  
  29  2:28  Zealot  
  31  2:30  Pylon  
  31  2:43  Shield Battery  
  31  2:46  Zealot  
  31  2:49  Probe  
  34  2:55  Shield Battery  
  34  3:03  Stalker  
  36  3:14  Stalker  
  36  3:19  Assimilator  
  38  3:20  Probe  
  39  3:31  Stalker  
  39  3:32  Probe  
  42  3:41  Stalker  
  44  3:53  Stalker  
  46  4:09  Robotics Facility  
Show
View Real Time Build Order
Export as new Build Order

A.I. 1 (Elite) Zerg 

Build Orders: Pool First 

Get SALT Encoding   

  12  0:00  Drone  
  13  0:12  Overlord  
  13  0:17  Drone  
  14  0:30  Drone x2  
  14  0:34  Drone  
  17  0:47  Spawning Pool  
  17  0:48  Drone  
  17  1:09  Hatchery  
  16  1:12  Drone  
  16  1:15  Extractor  
  16  1:18  Drone  
  16  1:21  Extractor  
  17  1:25  Drone  
  17  1:29  Drone  
  18  1:38  Drone  
  19  1:48  Overlord  
  19  1:56  Queen  
  21  2:01  Zergling x2  
  22  2:10  Drone  
  23  2:21  Zergling x4  
  21  2:31  Drone  
  21  2:32  Drone  
  5  3:12  Drone  
  1  4:19  Drone  
Tags
 
Add a new tag
Caveats
  • Supply blocks, unpowered buildings, or Contaminate may cause inaccurate times.
  • Supply counts are checked every 10 seconds.